 Dungeon Crawl Stone Soup version 0.18-a0-1322-g0857377 (webtiles) character file.

8521 Kritika the Cleaver (level 11, 0/99 HPs)
             Began as a Hill Orc Fighter on Feb 14, 2016.
             Was a Priest of Makhleb.
             Slain by an unseen horror (9 damage)
             ... on level 10 of the Dungeon on Feb 15, 2016.
             The game lasted 00:32:22 (12303 turns).

Kritika the Cleaver (Hill Orc Fighter)             Turns: 12303, Time: 00:32:22

Health: 0/99       AC: 13    Str: 20    XL:     11   Next: 32%
Magic:  16/16      EV:  9    Int:  8    God:    Makhleb [***...]
Gold:   532        SH: 13    Dex: 13    Spells: 0 memorised, 10 levels left

rFire  . . .     SeeInvis .     a - +1 war axe
rCold  . . .     Gourm    .     v - +4 scale mail {rPois}
rNeg   . . .     Faith    .     c - +1 shield
rPois  +         Spirit   .     t - +0 helmet
rElec  .         Dismiss  .     u - +0 cloak {+Inv}
rCorr  .         Reflect  .     (no gloves)
SustAt .         Harm     .     (no boots)
MR     .....                    (no amulet)
Stlth  ..........               (no ring)
                                l - ring of poison resistance

@: not resistant to hostile enchantments, extremely unstealthy
A: no striking features
a: Minor Destruction, Lesser Servant of Makhleb, Renounce Religion, Evoke
Invisibility


You were on level 10 of the Dungeon.
You worshipped Makhleb.
Makhleb was most pleased with you.
You were not hungry.

You visited 2 branches of the dungeon, and saw 12 of its levels.
You also visited: Ossuary.

You collected 778 gold pieces.
You spent 246 gold pieces at shops.

Inventory:

Hand Weapons
 a - a +1 war axe (weapon)
 K - a +0 hand axe of draining
Armour
 c - a +1 shield (worn)
 t - a +0 helmet (worn)
 u - a +0 cloak of invisibility (worn)
 v - a +4 scale mail of poison resistance (worn)
 O - a +0 pair of gloves
Jewellery
 l - a ring of poison resistance (left hand)
Wands
 g - a wand of lightning (7/15)
 k - a wand of flame (20/48)
 p - a wand of flame (31/48)
 A - a wand of flame (23/48)
 F - a wand of paralysis (6/24)
 L - a wand of paralysis (6/24)
 M - a wand of paralysis (7/24)
Scrolls
 b - 2 scrolls of remove curse
 e - 6 scrolls of teleportation
 o - a scroll of fear
 s - a scroll of random uselessness
 y - 2 scrolls of fog
 z - 2 scrolls of blinking
 B - a scroll of enchant weapon
 D - 2 scrolls of identify
 J - a scroll of enchant armour
Potions
 d - a potion of brilliance {unknown}
 h - 3 potions of agility
 j - 3 potions of heal wounds {unknown}
 m - 5 potions of flight {unknown}
 n - 2 potions of cure mutation {unknown}
 r - a potion of lignification {unknown}
 C - 2 potions of berserk rage {unknown}
 E - a potion of curing
 I - a potion of beneficial mutation {unknown}
Books
 G - a book of Frost

   Spells                             Type                      Level
   a - Freeze                         Ice                          1
   b - Throw Frost                    Conjuration/Ice              2
   c - Ozocubu's Armour               Charms/Ice                   3
   d - Throw Icicle                   Conjuration/Ice              4
   e - Summon Ice Beast               Ice/Summoning                4
 H - a book of Geomancy

   Spells                             Type                      Level
   a - Sandblast                      Earth                        1
   b - Passwall                       Transmutation/Earth          2
   c - Stone Arrow                    Conjuration/Earth            3
   d - Petrify                        Transmutation/Earth          4
   e - Lee's Rapid Deconstruction     Earth                        5
Comestibles
 f - 5 bread rations
 i - 2 slices of pizza
 q - 7 fruits
 w - 4 meat rations
 x - 3 beef jerkies
 N - 3 chunks of flesh


   Skills:
 + Level 10.1 Fighting
 + Level 13.4 Axes
 - Level 4.0 Armour
 - Level 1.1 Dodging
 + Level 10.5 Shields
 + Level 7.4 Invocations


You had 10 spell levels left.
You didn't know any spells.

Dungeon Overview and Level Annotations

Branches:
Dungeon (11/15)            Temple (1/1) D:4
   Lair: D:8-11         Orc: D:9-12

Altars:
Ashenzari
Cheibriados
Dithmenos
Elyvilon
Fedhas
Gozag
Kikubaaqudgha
Makhleb
Nemelex Xobeh
Okawaru
Pakellas
Qazlal
Ru
Sif Muna
Trog
Vehumet
Xom
Yredelemnul
Zin
The Shining One
Lugonu

Shops:
D:5 [   D:9 }


Message History

Your neqoxec hits something.
Some of the chunks of flesh in your inventory have rotted away.
Something hits your neqoxec. Something barely misses your neqoxec.
Something closely misses your neqoxec. Something misses your neqoxec.
Something hits your neqoxec! Something hits you but does no damage.
There is a large open door here.
Something hits you.
* * * LOW HITPOINT WARNING * * *
Something hits you.
* * * LOW HITPOINT WARNING * * *
Something hits you but does no damage.
There is a large open door, spattered with blood here.
Something hits you but does no damage. Something hits you.
* * * LOW HITPOINT WARNING * * *
You block something's attack. You block something's attack. Something hits you!
You die...

###.....######+#..3.............
.)'.............................
###........................≈≈≈..
#..............#'####....≈≈≈..
#.........###+##'## #..≈≈≈≈≈..#
##.................# #...≈≈≈≈..#
##....#####.........#
#....≈≈≈..# #.......#
#.≈≈≈.....# #....≈[... #.>.....#
#.≈...@...###......... #.......#
#.................####
#.......###.................#
#.......'.....<...>.........#
#.......#########....≈≈≈....#
#.......# #...≈≈≈≈....#
######### #...≈≈≈≈≈...#
#....≈≈≈≈≈..# #...........#


There were no monsters in sight!

Vanquished Creatures
  Pikel (D:5)
  A gargoyle (D:10)
  The ghost of Sixotanaka the Chiller, a novice DgIE (D:6)
  2 two-headed ogres
  2 trolls (D:10)
  The ghost of wearedevo the Sneak, an amateur OpSu of Kikubaaqudgha (D:4)
  Sigmund (D:2)
  11 yaks
  A wraith (D:10)
  A hippogriff (D:11)
  Menkaure (D:5)
  Duvessa (D:5)
  A black bear (D:6)
  4 orc warriors
  2 ice beasts (D:5)
  2 slaves (D:5)
  A wasp (D:8)
  2 sky beasts
  A necrophage (D:10)
  4 ogres
  4 phantoms
  5 centaurs
  A crocodile (D:10)
  A big kobold (D:8)
  4 giant frogs
  A wyvern zombie (D:6)
  Dowan (D:5)
  A scorpion (D:10)
  A wyvern skeleton (D:9)
  3 killer bees (D:9)
  2 electric eels (D:10)
  A giant frog zombie (D:6)
  4 crimson imps
  A quasit (D:9)
  4 orc priests
  2 hounds
  3 jellies
  A centaur skeleton (D:9)
  An iguana (D:9)
  Natasha (thrice) (D:2)
  3 orc wizards
  9 worker ants
  A hound zombie (D:9)
  8 mummies (Ossuary)
  Robin (D:2)
  3 gnolls (D:5)
  16 adders
  A shadow imp (D:10)
  An adder zombie (D:5)
  An adder skeleton (D:8)
  6 giant geckos
  24 orcs
  A ball python (D:2)
  2 bat zombies (D:2)
  3 giant cockroaches
  13 goblins
  10 hobgoblins
  10 jackals
  11 kobolds
  9 quokkas
  6 bats
  A giant gecko skeleton (D:4)
  A giant gecko zombie (D:5)
  5 giant newts
  2 hobgoblin zombies (Ossuary)
  3 kobold zombies (Ossuary)
  3 orc zombies (Ossuary)
  A quokka zombie (D:5)
  7 rats
  3 rat zombies (D:2)
250 creatures vanquished.

Vanquished Creatures (collateral kills)
  An ogre (D:10)
  An electric eel (D:10)
  A crimson imp (D:10)
  An orc (D:10)
4 creatures vanquished.

Vanquished Creatures (others)
  An adder (D:5)
  A shadow imp (D:5)
  A quokka zombie (D:5)
3 creatures vanquished.

Grand Total: 257 creatures vanquished

Notes
Turn   | Place    | Note
--------------------------------------------------------------
     0 | D:1      | Kritika the Hill Orc Fighter began the quest for the Orb.
     0 | D:1      | Reached XP level 1. HP: 19/19 MP: 1/1
   224 | D:1      | Reached XP level 2. HP: 27/27 MP: 2/2
   284 | D:1      | Reached skill level 4 in Fighting
   585 | D:1      | Reached XP level 3. HP: 31/33 MP: 3/3
  1007 | D:2      | Noticed Natasha
  1019 | D:2      | Killed Natasha
  1019 | D:2      | Reached skill level 1 in Dodging
  1020 | D:2      | Reached XP level 4. HP: 26/40 MP: 4/4
  1159 | D:2      | Noticed Robin
  1187 | D:2      | Killed Robin
  1595 | D:2      | Noticed Natasha
  1619 | D:2      | Killed Natasha
  1619 | D:2      | Reached XP level 5. HP: 16/47 MP: 5/5
  1824 | D:2      | Found an ancient bone altar of Kikubaaqudgha.
  2005 | D:2      | Noticed Natasha
  2012 | D:2      | Killed Natasha
  2178 | D:2      | Noticed Sigmund
  2186 | D:2      | Killed Sigmund
  2186 | D:2      | Reached skill level 6 in Axes
  2186 | D:2      | Reached XP level 6. HP: 47/53 MP: 6/6
  2602 | D:3      | Reached skill level 7 in Axes
  3312 | D:4      | Noticed a phantom
  3348 | D:4      | Killed a phantom
  3348 | D:4      | Reached skill level 8 in Axes
  3348 | D:4      | Reached XP level 7. HP: 36/60 MP: 7/7
  3674 | D:4      | Noticed wearedevo's ghost (amateur OpSu)
  3687 | D:4      | Killed wearedevo's ghost
  3687 | D:4      | Reached skill level 9 in Axes
  3869 | D:4      | Found a sand-covered staircase.
  3874 | Ossuary  | Entered an ossuary
  3901 | Ossuary  | Reached skill level 10 in Axes
  4010 | Ossuary  | Reached XP level 8. HP: 41/67 MP: 8/8
  4330 | D:4      | Found a staircase to the Ecumenical Temple.
  4532 | Temple   | Entered the Ecumenical Temple
  4579 | Temple   | Became a worshipper of Makhleb the Destroyer
  4784 | D:5      | Entered Level 5 of the Dungeon
  4784 | D:5      | Noticed Pikel
  4808 | D:5      | Killed Pikel
  4808 | D:5      | Reached skill level 5 in Fighting
  4808 | D:5      | Reached skill level 5 in Shields
  5190 | D:5      | Found Kuacur Bige's Antique Armour Shop.
  5193 | D:5      | Bought a helmet for 85 gold pieces
  5193 | D:5      | Bought a glowing cloak for 85 gold pieces
  5193 | D:5      | Bought a runed scale mail for 76 gold pieces
  5247 | D:5      | Found a shadowy altar of Dithmenos.
  5248 | D:5      | Found an opulent altar of Gozag.
  5250 | D:5      | Found a glowing silver altar of Zin.
  5271 | D:5      | Noticed Dowan
  5273 | D:5      | Noticed Duvessa
  5294 | D:5      | Killed Duvessa
  5309 | D:5      | Reached XP level 9. HP: 73/75 MP: 9/9
  5319 | D:5      | Killed Dowan
  5409 | D:5      | Found a deep blue altar of Sif Muna.
  5415 | D:5      | Found a sparkling altar of Nemelex Xobeh.
  5418 | D:5      | Found a stormy altar of Qazlal.
  5423 | D:5      | Reached skill level 11 in Axes
  5424 | D:5      | Found a radiant altar of Vehumet.
  5474 | D:5      | Found a bloodstained altar of Trog.
  5476 | D:5      | Found a shattered altar of Ashenzari.
  5478 | D:5      | Found an iron altar of Okawaru.
  5480 | D:5      | Found a basalt altar of Yredelemnul.
  5492 | D:5      | Noticed Menkaure
  5501 | D:5      | Killed Menkaure
  5765 | D:6      | Noticed Sixotanaka's ghost (novice DgIE)
  5776 | D:6      | Reached * piety under Makhleb
  5809 | D:6      | Killed Sixotanaka's ghost
  6783 | D:6      | Reached skill level 1 in Invocations
  7118 | D:7      | Found a sacrificial altar of Ru.
  7726 | D:7      | You fall through a shaft!
  8105 | D:8      | Reached skill level 12 in Axes
  8105 | D:8      | Reached XP level 10. HP: 88/88 MP: 12/12
  8323 | D:8      | Reached ** piety under Makhleb
  8616 | D:8      | You fall through a shaft for 3 floors!
  8617 | D:11     | Upgraded the game from 0.18-a0-1312-gf98331d to 0.18-a0-1322-g0857377
  8684 | D:10     | Entered Level 10 of the Dungeon
  8811 | D:10     | Noticed a gargoyle
  8830 | D:10     | Killed a gargoyle
  9236 | D:9      | Reached skill level 5 in Invocations
  9689 | D:8      | Reached *** piety under Makhleb
 10235 | D:9      | Reached skill level 10 in Shields
 10247 | D:9      | Reached skill level 13 in Axes
 10250 | D:9      | Reached XP level 11. HP: 44/97 MP: 15/15
 10538 | D:9      | Found Ajerelae's Gadget Shop.
 11312 | D:10     | Reached skill level 10 in Fighting
 12303 | D:10     | Slain by an unseen horror

Vault maps used:
D:1:      dpeg_arrival_signposts, hangedman_decor_clover_reticule,
          hangedman_glass_teeth
D:2:      lemuel_zombie_altar_kikubaaqudgha, uniq_robin, uniq_sigmund,
          uniq_natasha
D:3:      serial_bayou_pond_d, minmay_bisected
D:4:      minmay_temple_entry_statues_pillars, enter_ossuary_5
D:5:      grunt_temple_overflow_open, minitemple, serial_shops,
          kennysheep_mini_moat, first_bread, uniq_menkaure, uniq_duvessa,
          uniq_pikel
D:7:      nicolae_ru_sacrificial_ziggurat
D:9:      serial_shops, nicolae_shop_trees
D:11:     hangedman_cross_cluster, lair_0_dummy,
          portal_ice_cave_entry_ice_beasts
Temple:   corrupted_temple
Ossuary:  ossuary_tomb_3

Action                   |  1- 3 |  4- 6 |  7- 9 | 10-12 || total
-------------------------+-------+-------+-------+-------++-------
Melee: War axe           |    90 |   177 |   420 |   463 ||  1150
Invok: Lesser Servant of |       |       |       |     5 ||     5
Evoke: Wand              |       |       |     6 |     1 ||     7
  Use: Scroll            |       |     8 |     1 |    10 ||    19
       Potion            |       |     1 |     6 |     5 ||    12
 Stab: Distracted        |       |       |       |     1 ||     1
  Eat: Chunk             |       |     8 |    11 |    14 ||    33
       Meat ration       |       |       |     1 |       ||     1
